 Dungeon Crawl Stone Soup version 0.22-a0-135-g6f012ad (webtiles) character file.

28 KristoblXynda the Skirmisher (level 2, -2/26 HPs)
             Began as a Draconian Monk on Jan 31, 2018.
             Slain by an adder (3 damage)
             ... on level 2 of the Dungeon.
             The game lasted 00:03:02 (1053 turns).

KristoblXynda the Skirmisher (Draconian Monk)       Turns: 1053, Time: 00:03:02

Health: -2/26      AC:  4    Str: 13    XL:     2   Next: 96%
Magic:  2/2        EV: 13    Int: 15    God:
Gold:   28         SH:  0    Dex: 13    Spells: 1/1 levels left

rFire    . . .     SeeInvis .   f - -3 falchion (curse)
rCold    . . .     Gourm    .   (no shield)
rNeg     . . .     Faith    .   (armour unavailable)
rPois    .         Spirit   .   (helmet restricted)
rElec    .         Reflect  .   (no cloak)
rCorr    .         Harm     .   (no gloves)
MR       .....                  (no boots)
Stlth    ++........             (no amulet)
HPRegen  0.08/turn              (no ring)
MPRegen  0.08/turn              (no ring)

@: brilliant, lethally poisoned (-2 -> -8)
A: unfitting armour, cold-blooded, AC +4
a: no special abilities


You were on level 2 of the Dungeon.
You were hungry.

You visited 1 branch of the dungeon, and saw 2 of its levels.

You collected 28 gold pieces.

Inventory:

Hand Weapons
 f - a cursed -3 falchion (weapon)
Potions
 d - a potion of flight {unknown}
Comestibles
 a - 3 rations


   Skills:
 + Level 3.6 Fighting
 + Level 3.0 Dodging
 - Level 1.7 Stealth
 * Level 3.6 Unarmed Combat


You had one spell level left.
You didn't know any spells.

Dungeon Overview and Level Annotations

Branches:
Dungeon (2/15)

Altars:

Annotations:
D:2 1 runed door


Innate Abilities, Weirdness & Mutations

Your plain brown scales are hard. (AC +4)
You cannot fit into any form of body armour.
You are cold-blooded and may be slowed by cold attacks.


Message History

You feel sick. The adder bites you. x2
You hit the adder.
The adder is heavily wounded.
You feel sick. The adder bites you.
* * * LOW HITPOINT WARNING * * *
You closely miss the adder.
Your tail-slap misses the adder.
The adder is heavily wounded.
* * * LOW HITPOINT WARNING * * *
You feel sick.
The adder barely misses you. x2; You riposte.
You are feeling hungry.
You hit the adder but do no damage. You tail-slap the adder.
The adder is almost dead.
It was a potion of magic.
Magic courses through your body. The adder closely misses you.
You riposte.
You closely miss the adder.
The adder is almost dead.
It was a potion of brilliance.
You feel clever all of a sudden.
* * * LOW HITPOINT WARNING * * *
You feel sick. The adder closely misses you. The adder bites you.
You die...

#.# #.### ####
###.#...# #..
.........# #.#
####.###.#
####.#######.##...
#..........#.#....
#.##.#####.#......
#@##.# #.###....
#S##.#####.####...
#.##..............
#.########.#####.#
#.# #.#####.# #.#
#.......# ..#
#.#######
##########.# .
..........#####


You could see an adder.

Vanquished Creatures
  A worm (D:2)
  2 giant cockroaches (D:1)
  2 goblins (D:1)
  3 hobgoblins
  2 jackals (D:1)
  2 bats (D:1)
  5 frilled lizards
  6 kobolds (D:1)
  2 rats
25 creatures vanquished.

Notes
Turn   | Place    | Note
-------+----------+-------------------------------------------
     0 | D:1      | KristoblXynda the Draconian Monk began the quest for the Orb.
     0 | D:1      | Reached XP level 1. HP: 19/19 MP: 1/1
   253 | D:1      | Reached XP level 2. HP: 22/26 MP: 2/2
   882 | D:2      | Found a runed door.
  1053 | D:2      | HP: 1/26 [poisoned by an adder]
  1053 | D:2      | Slain by an adder

Vault maps used:
D:1:      dpeg_arrival_water_fire, minmay_misc_feat_diagonals
D:2:      tso_altar, uniq_crazy_yiuf_cottage

Skill      XL: |  1  2 |
---------------+-------+-----
Dodging        | 3 |  3.0
Fighting       | |  3.6
Stealth        | |  1.7
Unarmed Combat | |  3.6

Action                   || total
-------------------------++-------
Melee: Unarmed           ||    60
       Tailslap          ||    10
       Falchion          ||    18
  Use: Potion            ||     2
       Scroll            ||     1
 Stab: Sleeping          ||     3
Armor: Skin              ||    23
Dodge: Dodged            ||    60
       Rpst.: Falchion   ||     3

Table legend:
 A = Spawn XP
 B = Non-spawn XP
 C = Spawn XP percentage of total XP
 D = Spawn monster count
 E = Non-spawn monster count
 F = Spawn count percentage of total count
 G = Total turns spent on level
                    A         B        C        D         E        F      G
               +---------+---------+-------+---------+---------+-------+---------
         Total |       0 |      40 |   0.0 |       0 |      25 |   0.0 |  1053
               +---------+---------+-------+---------+---------+-------+---------
           D:1 |       0 |      31 |   0.0 |       0 |      21 |   0.0 |   869
           D:2 |       0 |       9 |   0.0 |       0 |       4 |   0.0 |   184
               +---------+---------+-------+---------+---------+-------+---------
